 Dungeon Crawl Stone Soup version 0.30-a0-743-gbfdf073431 (webtiles) character file.

Game seed: 17926322244604770786

27 karrick the Trooper (level 3, -1/23 HPs)
             Began as a Gargoyle Fighter on Feb 5, 2023.
             Slain by a gnoll
             ... wielding a +1 heavy halberd
              (7 damage)
             ... on level 2 of the Dungeon.
             The game lasted 00:03:11 (1198 turns).

karrick the Trooper (Gargoyle Fighter)              Turns: 1198, Time: 00:03:12

Health: -1/23      AC:  9    Str: 19    XL:     3   Next: 10%
Magic:  3/3        EV: 10    Int:  8    God:
Gold:   122        SH:  4    Dex: 11    Spells: 2/2 levels left

rFire   . . .      SeeInvis .    a - +0 war axe
rCold   + . .      Faith    +    c - +0 buckler
rNeg    + . .      Spirit   .    i - +2 leather armour {rC+}
rPois   ∞          Reflect  .    (no helmet)
rElec   +          Harm     .    (no cloak)
rCorr   .          Rampage  .    j - +0 pair of gloves
Will    .....                    (no boots)
Stlth   +                        k - amulet of faith
HPRegen 0.23/turn                (no ring)
MPRegen 0.08/turn                (no ring)

@: mighty
A: sickness immunity, AC +3, negative energy resistance 1, electricity
resistance, torment resistance 1, petrification resistance
a: no special abilities


You were on level 2 of the Dungeon.
You visited 1 branch of the dungeon, and saw 2 of its levels.

You collected 122 gold pieces.

Inventory:

Hand Weapons
 a - a +0 war axe (weapon)
Armour
 b - a +0 scale mail
 c - a +0 buckler (worn)
 i - a +2 leather armour of cold resistance (worn)
 j - a +0 pair of gloves (worn)
Jewellery
 k - an amulet of faith (around neck)
Scrolls
 f - 2 scrolls of identify {unknown}
 g - a scroll of blinking {unknown}
Potions
 e - a potion of magic {unknown}
 h - a potion of ambrosia {unknown}
 l - a potion of berserk rage {unknown}


   Skills:
 + Level 3.6 Fighting
 + Level 2.2 Axes
 + Level 3.6 Armour
 + Level 3.6 Shields


You had 2 spell levels left.
You didn't know any spells.
Your spell library was empty.

Dungeon Overview and Level Annotations

Branches:
Dungeon (2/15)

Altars:
Dithmenos

Shops:
D:1 (


Innate Abilities, Weirdness & Mutations

You are immune to sickness and miasma.
Your stone body is resilient. (AC +3)
You are immune to poison.
You resist negative energy. (rN+)
You are resistant to electric shocks. (rElec)
You are resistant to unholy torment.
You are immune to petrification.


Message History

The kobold hits you with a +0 whip.
You hit the kobold but do no damage. The kobold barely misses you.
The kobold hits you but does no damage.
You miss the kobold. You block the kobold's attack.
You slash the kobold!
You kill the kobold!
No target in view!
No target in view!
l - a metallic orange potion You now have 122 gold pieces (gained 11). 2 gnolls come into view.
A gnoll is wielding a +1 heavy halberd.
Found 14 gold pieces.
The gnoll shouts!
There are monsters nearby!
There are monsters nearby!
A gnoll comes into view. It is wielding a +0 whip.
The gnoll shouts!
The gnoll hits you but does no damage.
You slash the gnoll!
The gnoll is almost dead.
You slash the gnoll!
The gnoll is severely wounded.
The gnoll hits you from afar with a +1 heavy halberd!
Ouch! That really hurt!
The gnoll hits you with a +0 whip.
* * * LOW HITPOINT WARNING * * *
You are too injured to fight recklessly!
You are too injured to fight recklessly!
You are too injured to fight recklessly!
You are too injured to fight recklessly!
You are too injured to fight recklessly!
You are too injured to fight recklessly!
The gnoll attacks as you move away! The gnoll closely misses you.
You feel very mighty all of a sudden. The gnoll hits you but does no damage.
Okay, then.
You slash the gnoll!
You kill the gnoll!
The gnoll hits you from afar with a +1 heavy halberd!
You die...

# ##### ....#
###.#####
........######
.............#####
############.....##
#####..## #gg)@..#
#...$.######
....##### .#


You could see 2 gnolls.

Vanquished Creatures
  A gnoll (D:2)
  An endoplasm (D:1)
  3 goblins
  3 hobgoblins
  2 jackals (D:2)
  2 quokkas
  5 ball pythons (D:1)
  3 bats (D:1)
  A frilled lizard (D:1)
  2 kobolds (D:2)
  2 rats
25 creatures vanquished.

Notes
Turn   | Place    | Note
-------+----------+-------------------------------------------
     0 | D:1      | karrick the Gargoyle Fighter began the quest for the Orb.
     0 | D:1      | Reached XP level 1. HP: 14/14 MP: 1/1
   121 | D:1      | Reached XP level 2. HP: 19/19 MP: 2/2
   325 | D:1      | Found Zienis's Weapon Shoppe.
  1100 | D:2      | Found a shadowy altar of Dithmenos.
  1110 | D:2      | Reached XP level 3. HP: 23/23 MP: 3/3
  1198 | D:2      | Slain by a gnoll

Illustrated notes

Levels and vault maps discovered:
D:1:      enne_arrival_octagon_isle, layout_loops_corners, serial_shops, shop,
          minmay_misc_feat_plants
D:2:      layout_rooms, basic_altar

Skill      XL: |  1  2 |
---------------+-------+-----
Axes           | 2 |  2.2
Fighting       | |  3.6
Armour         | |  3.6
Shields        | |  3.6

Action                     || total
---------------------------++-------
  Melee: War axe           ||    56
    Use: Potion            ||     1
 Armour: Scale mail        ||    13
         Leather armour    ||    16
  Dodge: Dodged            ||    28
  Block: Buckler           ||    13

Table legend: (Time is in decaauts)
 A = Elapsed time spent in this place.
 B = Non-inter-level travel time spent in this place.
 C = Inter-level travel time spent in this place.
 D = Time resting spent in this place.
 E = Time spent auto-exploring this place.
 F = Levels seen in this place.
 G = Mean time per level.
                   A        B        C        D        E       F      G
               +--------+--------+--------+--------+--------+-----+--------+
         Total |   1222 |   1155 |     67 |      0 |    962 |   2 |  611.0 |
       Dungeon |   1222 |   1155 |     67 |      0 |    962 |   2 |  611.0 |
               +--------+--------+--------+--------+--------+-----+--------+

Top non-repeatable levels by time:
     D:1: 1046 daAuts
     D:2: 175 daAuts
